[Event "I Liga Centralne Srbije"]
[Site "Bajina Bašta, Serbia"]
[Date "2020.10.11"]
[Round "2.2"]
[White "Celik, Hasan Huseyin"]
[Black "Brenjo, Slavisa"]
[Result "1/2-1/2"]
[ECO "D32"]
[WhiteElo "1970"]
[BlackElo "2412"]
[Annotator "Knez"]
[PlyCount "96"]
[EventDate "2020.??.??"]
[TimeControl "90"]
[WhiteClock "0:01:18"]
[BlackClock "0:15:24"]

1. d4 d5 2. c4 e6 3. cxd5 exd5 4. Nc3 c5 5. Nf3 Nc6 6. dxc5 d4 7. Na4 Bxc5 8. Nxc5 Qa5+ 9. Bd2 Qxc5 10. Rc1 Qb6 11. e3 Nf6 12. Bc4 dxe3 13. Bxe3 Qb4+ 14. Qd2 Qxd2+ 15. Bxd2 O-O 16. O-O Bg4 17. Rfe1 Bxf3 18. gxf3 Rfd8 19. Bg5 h6 20. Be3 Ne5 21. Be2 Nd3 22. Bxd3 Rxd3 23. Rc7 b6 24. Rec1 Nd5 25. Rd7 Re8 26. h4 f5 27. Rcc7 Nxc7 28. Rxd3 Re7 29. Kg2 Kf7 30. Kg3 Ke6 31. Rc3 Nd5 32. Rc6+ Kf7 33. Bd4 Re6 34. Rxe6 Kxe6 35. Bxg7 h5 36. f4 Kd6 37. Kf3 Kc5 38. Be5 a5 39. Ke2 a4 40. Kd2 b5 41. f3 Kc4 42. b3+ axb3 43.
axb3+ Kc5 44. Kd3 Nb4+ 45. Kc3 Nc6 46. Bf6 Kd5 47. b4 Nb8 48.
Kd3 Nc6 1/2-1/2

[Event "I Liga Centralne Srbije"]
[Site "Bajina Bašta, Serbia"]
[Date "2020.10.11"]
[Round "2.2"]
[White "Dizdarevic, Emir"]
[Black "Irizanin, Radoje"]
[Result "1-0"]
[ECO "A04"]
[WhiteElo "2444"]
[BlackElo "2331"]
[Annotator "Knez"]
[PlyCount "49"]
[EventDate "2020.??.??"]
[TimeControl "90"]
[WhiteClock "0:00:33"]
[BlackClock "0:28:00"]

1. Nf3 b6 2. g3 Bb7 3. Bg2 e5 4. c4 e4 5. Nh4 g5 6. Nf5 Ne7 7. Ne3 Bg7 8. d3 f5 9. dxe4 fxe4 10. Nd2 O-O 11. Nxe4 Bxe4 12. Bxe4 Nbc6 13. h4 g4 14. Nxg4 Kh8 15. h5 Nf5 16. h6 Bd4 17. e3 Qe7 18. Bd5 Ne5 19. Bxa8 c6 20. Nxe5 Bxe5 21. Qd3 Nxg3 22. fxg3 Bxg3+ 23. Kd1 Rf2 24. Bd2 Qe6 25. Qd4+ 1-0

[Event "I Liga Centralne Srbije"]
[Site "Bajina Bašta, Serbia"]
[Date "2020.10.11"]
[Round "2.2"]
[White "Djakovac, Enes"]
[Black "Roljevic, Djordje"]
[Result "1/2-1/2"]
[ECO "C54"]
[WhiteElo "2165"]
[BlackElo "2177"]
[Annotator "Knez"]
[PlyCount "100"]
[EventDate "2020.??.??"]
[TimeControl "90"]

1. e4 e5 2. Nf3 Nc6 3. Bc4 Bc5 4. O-O d6 5. c3 Nf6 6. d3 a6 7. Bg5 h6 8. Bh4 Ba7 9. a4 g5 10. Bg3 Bg4 11. Nbd2 O-O 12. Qc2 Nh5 13. Kh1 Qf6 14. h3 Bd7 15. Rae1 Rae8 16. Nh2 Nf4 17. f3 Qg6 18. Ba2 h5 19. b4 Kg7 20. Nc4 Be6 21. Ne3 Nxd3 22. Qxd3 Bxa2 23. b5 Na5 24. Re2 Bxe3 25. Rxa2 Bb6 26. bxa6 bxa6 27. Qxa6 Qe6 28. Raa1 Nc4 29. Bf2 Ra8 30. Qb5 Ra5 31. Qb3 Rfa8 32. Qd1 Qd7 33. f4 exf4 34. Qxh5 Nd2 35. Bxb6 cxb6 36. Rfe1 f6 37. Ng4 Rh8 38. Nxf6 Rxh5 39. Nxd7 g4 40. Ra2 Nc4 41. Kh2 f3 42. Kg3 fxg2 43. hxg4 Rh1 44. Raa1 Rxe1 45. Rxe1 Rxa4 46. Kxg2 b5 47. e5 dxe5 48. Nxe5 Nxe5 49. Rxe5 Rxg4+ 50. Kf2 Rc4 1/2-1/2

[Event "I Liga Centralne Srbije"]
[Site "Bajina Bašta, Serbia"]
[Date "2020.10.11"]
[Round "2.4"]
[White "Delchev, Aleksander"]
[Black "Budisavljevic, Luka"]
[Result "0-1"]
[ECO "B40"]
[WhiteElo "2548"]
[BlackElo "2454"]
[Annotator "Knez"]
[PlyCount "70"]
[EventDate "2020.??.??"]
[TimeControl "90"]
[WhiteClock "0:02:39"]
[BlackClock "0:08:25"]

1. e4 c5 2. Nf3 e6 3. g3 d5 4. exd5 exd5 5. d4 Nf6 6. Bg2 Be7 7. O-O O-O 8. dxc5 Bxc5 9. Nc3 Nc6 10. a3 Bg4 11. h3 Be6 12. b4 Be7 13.
Bb2 Qd7 14. Kh2 Rad8 15. Re1 Rfe8 16. Nd4 h5 17. Nxe6 fxe6 18. Na4 h4 19. c4 hxg3+ 20. fxg3 d4 21. c5 Bf8 22. Rc1 Ne7 23.
Qb3 Nf5 24. c6 Qf7 25. c7 Rc8 26. Bxb7 Rxc7 27. Bc6 Rec8 28. b5 Bd6 29. Qxe6 Bxg3+ 30. Kh1 Bxe1 31. Qxf5 Bd2 32. Rd1 Be3 33. Nc5 Rxc6 34. bxc6 Rxc6 35. Nd3 Rc2 0-1

[Event "I Liga Centralne Srbije"]
[Site "Bajina Bašta, Serbia"]
[Date "2020.10.11"]
[Round "2.4"]
[White "Maksimovic, Bojan"]
[Black "Radovanovic, Mihajlo"]
[Result "1/2-1/2"]
[ECO "B94"]
[WhiteElo "2398"]
[BlackElo "2457"]
[Annotator "Knez"]
[PlyCount "120"]
[EventDate "2020.??.??"]
[TimeControl "90"]
[WhiteClock "0:02:31"]
[BlackClock "0:01:54"]

1. e4 c5 2. Nf3 d6 3. d4 cxd4 4. Nxd4 Nf6 5. Nc3 a6 6. Bg5 Nbd7 7. Qe2 h6 8. Bh4 Qc7 9. O-O-O e6 10. f4 b5 11. a3 Be7 12. g4 Bb7 13.
Kb1 Rc8 14. Rg1 g5 15. fxg5 hxg5 16. Bxg5 Qb6 17. Qe1 Rxc3 18.
Bxf6 Nxf6 19. Qxc3 Nxe4 20. Qe1 Bf6 21. c3 Rxh2 22. g5 Bxd4 23.
cxd4 b4 24. Qxb4 Nd2+ 25. Ka1 Qxb4 26. axb4 Bf3 27. Re1 Nb3+ 28. Kb1 Be4+ 29. Rxe4 Nd2+ 30. Kc1 Nxe4 31. d5 e5 32. Bxa6 Rd2 33. Bb7 Rd4 34. b5 Rc4+ 35. Kd1 Kd8 36. Bc6 Kc7 37. Ke2 Rb4 38. Kd3 Kb6 39. Be8 Nc5+ 40. Kc3 Rf4 41. b4 Rf3+ 42. Kb2 Nd3+ 43. Kc3 Nf4+ 44. Kb2 Rf2+ 45. Kb3 Ne2 46. Ra1 Nd4+ 47. Kc4 Nxb5 48. Bxb5 Rf4+ 49. Kc3 Kxb5 50. Ra5+ Kb6 51. Ra8 Rg4 52. Rc8 Rxg5 53. Rc6+ Kb5 54. Rxd6 Rg3+ 55. Kd2 f5 56. Re6 e4 57. Ke2 Rd3 58. Re5 Kxb4 59. Rxf5 Kc5 60. d6+ Kxd6 1/2-1/2

[Event "I Liga Centralne Srbije"]
[Site "Bajina Bašta, Serbia"]
[Date "2020.10.11"]
[Round "2.4"]
[White "Ivanovic, Marko"]
[Black "Radovic, Janko"]
[Result "1-0"]
[ECO "A47"]
[WhiteElo "2277"]
[BlackElo "2433"]
[Annotator "Knez"]
[PlyCount "43"]
[EventDate "2020.??.??"]
[TimeControl "90"]

1. Nf3 Nf6 2. d4 e6 3. Bg5 c5 4. e3 Be7 5. Nbd2 b6 6. Bd3 Bb7 7. c3 cxd4 8. exd4 d6 9. Bxf6 Bxf6 10. Qe2 Nd7 11. h4 Be7 12. O-O-O a6 13.
Kb1 b5 14. g4 Nf6 15. g5 Nd5 16. Ne4 Nf4 17. Qe3 Nxd3 18. Rxd3 Bd5 19. h5 a5 20. Rg1 h6 21. gxh6 gxh6 22. Qf4 1-0

[Event "I Liga Centralne Srbije"]
[Site "Bajina Bašta, Serbia"]
[Date "2020.10.11"]
[Round "2.4"]
[White "Radovic, Luka"]
[Black "Pavlovic, Goran"]
[Result "1/2-1/2"]
[ECO "A26"]
[WhiteElo "2334"]
[BlackElo "2345"]
[Annotator "Knez"]
[PlyCount "43"]
[EventDate "2020.??.??"]
[TimeControl "90"]

1. Nf3 Nf6 2. c4 g6 3. g3 Bg7 4. Bg2 O-O 5. O-O d6 6. Nc3 e5 7. d3 Nc6 8. Rb1 a5 9. a3 Bf5 10. Ne1 Qd7 11. Nc2 Bh3 12. b4 Bxg2 13.
Kxg2 axb4 14. axb4 Ne7 15. e4 c6 16. b5 d5 17. Ba3 d4 18. Ne2 Ne8 19. Qd2 Nc7 20. bxc6 bxc6 21. Rb7 Rfe8 22. Kg1 1/2-1/2

[Event "I Liga Centralne Srbije"]
[Site "Bajina Bašta, Serbia"]
[Date "2020.10.11"]
[Round "2.5"]
[White "Ristic, Nebojsa B"]
[Black "Kostic, Vladimir G"]
[Result "0-1"]
[ECO "B08"]
[WhiteElo "2312"]
[BlackElo "2289"]
[Annotator "Knez"]
[PlyCount "60"]
[EventDate "2020.??.??"]
[TimeControl "90"]

1. d4 Nf6 2. Bf4 g6 3. Nc3 Bg7 4. e4 O-O 5. Qd2 d6 6. O-O-O c6 7. Nf3 b5 8. Bd3 Bg4 9. h3 Bxf3 10. gxf3 Qa5 11. Kb1 b4 12. Ne2 Nbd7 13. Bh6 c5 14. h4 Rfc8 15. Bxg7 Kxg7 16. dxc5 dxc5 17. b3 c4 18. Bxc4 Ne5 19. Bd5 Nxf3 20. Qe3 Rxc2 21. Kxc2 Qxa2+ 22. Kd3 Ne5+ 23. Kd4 Nfg4 24. Qc1 Qxe2 25. Bxa8 Qxf2+ 26. Kd5 Qb6 27. Bc6 Nxc6 28. e5 Ncxe5 29. Rhe1 e6+ 30. Ke4 f5+ 0-1

[Event "I Liga Centralne Srbije"]
[Site "Bajina Bašta, Serbia"]
[Date "2020.10.11"]
[Round "2.5"]
[White "Sredojevic, Ivan"]
[Black "Spasic, Petar"]
[Result "0-1"]
[ECO "C41"]
[WhiteElo "2258"]
[BlackElo "2251"]
[Annotator "Knez"]
[PlyCount "82"]
[EventDate "2020.??.??"]
[TimeControl "90"]
[WhiteClock "0:02:11"]
[BlackClock "0:19:44"]

1. e4 c5 2. c3 e5 3. Nf3 Nc6 4. Bc4 Be7 5. O-O Nf6 6. Re1 O-O 7. d4 d6 8. dxe5 dxe5 9. Nbd2 Qc7 10. a4 b6 11. Qe2 Bb7 12. Ba6 Bxa6 13.
Qxa6 Na5 14. Nc4 Nb3 15. Rb1 Nd7 16. Ne3 Qc6 17. Nd5 Bd6 18.
Be3 c4 19. Rbd1 Na5 20. Qb5 Rfd8 21. Nb4 Bxb4 22. cxb4 Qxb5 23. axb5 Nb3 24. Rd5 Nf6 25. Rxd8+ Rxd8 26. Nxe5 Nxe4 27. Nxc4 Rd5 28. h4 f5 29. f3 Nf6 30. Bg5 Rxb5 31. Bxf6 gxf6 32. Re8+ Kg7 33. Nd6 Rxb4 34. Nxf5+ Kf7 35. Re7+ Kf8 36.
Rxh7 Nc5 37. h5 Kg8 38. Rg7+ Kh8 39. h6 Ne6 40. Ne7 Nxg7 41.
hxg7+ Kxg7 0-1

[Event "I Liga Centralne Srbije"]
[Site "Bajina Bašta, Serbia"]
[Date "2020.10.11"]
[Round "2.5"]
[White "Ivanovic, Dragutin"]
[Black "Banjovic, Sasa"]
[Result "1-0"]
[ECO "A04"]
[WhiteElo "2307"]
[BlackElo "2121"]
[Annotator "Knez"]
[PlyCount "72"]
[EventDate "2020.??.??"]
[TimeControl "90"]
[BlackClock "0:17:05"]

1. Nf3 f5 2. d3 d6 3. e4 e5 4. exf5 Bxf5 5. g3 c5 6. Bg2 Nc6 7. O-O Be7 8. c3 Nf6 9. d4 e4 10. Nh4 Bg4 11. Qb3 Na5 12. Qa4+ Bd7 13.
Qc2 cxd4 14. cxd4 d5 15. f3 Bb5 16. Re1 Bd3 17. Qf2 O-O 18.
Nf5 Bb4 19. Bd2 Qb6 20. Bxb4 Qxb4 21. Nc3 Rae8 22. a3 Qb6 23. Na4 Qd8 24. Nc5 exf3 25. Nxd3 fxg2 26. Qxg2 Ne4 27. Rf1 Nb3 28. Rad1 g6 29. Qc2 Nbd2 30. Nh6+ Kg7 31. Rxf8 Rxf8 32. Rxd2 Qg5 33. Re2 Kxh6 34. Kg2 Qf5 35. Qc1+ g5 36. Ne5 Kg7 1-0

[Event "I Liga Centralne Srbije"]
[Site "Bajina Bašta, Serbia"]
[Date "2020.10.11"]
[Round "2.5"]
[White "Dimitrijevic, Zoran"]
[Black "Zivanovic, Bojan"]
[Result "1/2-1/2"]
[ECO "D02"]
[WhiteElo "2088"]
[BlackElo "2159"]
[Annotator "Knez"]
[PlyCount "119"]
[EventDate "2020.??.??"]
[TimeControl "90"]
[WhiteClock "0:02:15"]
[BlackClock "0:33:44"]

1. d4 Nf6 2. Nf3 d5 3. Bf4 e6 4. e3 Bd6 5. Bg5 Nbd7 6. Bd3 h6 7. Bh4 O-O 8. O-O e5 9. dxe5 Nxe5 10. Nxe5 Bxe5 11. c3 g5 12. Bg3 Bxg3 13. hxg3 Ng4 14. Be2 Ne5 15. Nd2 Qe7 16. Re1 Bf5 17. Nf3 c6 18. Nxe5 Qxe5 19. Qd4 Rfe8 20. Qxe5 Rxe5 21. Rad1 Rae8 22. Bf3 Bg6 23. g4 f5 24. gxf5 Bxf5 25. Rd4 Be4 26. Bxe4 Rxe4 27. Red1 R8e7 28. g3 Kf7 29. Kg2 Kg6 30. g4 h5 31. gxh5+ Kxh5 32. Rh1+ Kg6 33. Rh8 Rxd4 34. cxd4 Kf5 35. Kf3 Rg7 36. Rf8+ Kg6 37. Kg4 Rh7 38. Rg8+ Kf6 39. Rxg5 Rh1 40. Rf5+ Ke6 41. Rh5 Rg1+ 42. Kf4 Rf1 43. Rh6+ Kd7 44. Rh7+ Kc8 45. Ke5 Rxf2 46. b4 a6 47. Kd6 Kb8 48. a4 Ka7 49. b5 axb5 50. axb5 Kb6 51. bxc6 bxc6 52. Rh1 Rf6+ 53. Ke5 Rf3 54. Rb1+ Kc7 55. Rb3 Rh3 56. Kf4 Kd6 57. Rc3 Rh1 58. Kf3 Rh4 59. Ke2 Rh2+ 60. Ke1 1/2-1/2

[Event "I Liga Centralne Srbije"]
[Site "Bajina Bašta, Serbia"]
[Date "2020.10.11"]
[Round "2.5"]
[White "Jovcic, Zoran"]
[Black "Veselinov, Ivica"]
[Result "1-0"]
[ECO "B01"]
[WhiteElo "2140"]
[BlackElo "1836"]
[Annotator "Knez"]
[PlyCount "41"]
[EventDate "2020.??.??"]
[TimeControl "90"]
[WhiteClock "0:01:03"]
[BlackClock "0:47:56"]

1. e4 d5 2. exd5 Qxd5 3. Nc3 Qa5 4. d4 c6 5. Nf3 Bf5 6. Bc4 Nf6 7. Ne5 e6 8. g4 Be4 9. f3 Bd5 10. Bd2 Bxc4 11. Nxc4 Qc7 12. Qe2 Nbd7 13. O-O-O O-O-O 14. Bg5 Nb6 15. Ne5 Nbd5 16. Ne4 h6 17. Bh4 Qa5 18. Kb1 Nxe4 19. fxe4 Ba3 20. exd5 Rxd5 21. c4 1-0